 Dungeon Crawl Stone Soup version 0.21.0-24-g2553a33 (webtiles) character file.

29069 Mgcat the Severer (level 13, -10/122 HPs)
             Began as a Minotaur Fighter on Jan 19, 2018.
             Was an Elder of Trog.
             Mangled by a bone dragon (11 damage)
             ... on level 1 of the Abyss.
             The game lasted 00:41:40 (11450 turns).

Mgcat the Severer (Minotaur Fighter)               Turns: 11450, Time: 00:41:41

Health: -10/122    AC: 20    Str: 33    XL:     13   Next: 13%
Magic:  12/12      EV:  9    Int:  5    God:    Trog [****..]
Gold:   652        SH: 20    Dex: 14    Spells: 12/12 levels left

rFire    . . .     SeeInvis .   a - +1 war axe (vamp)
rCold    + . .     Gourm    .   c - +1 shield
rNeg     . . .     Faith    .   B - +5 scale mail "Qevuekh" {Str+6}
rPois    +         Spirit   .   K - +2 hat
rElec    .         Reflect  +   d - scarf {cloud immunity}
rCorr    .         Harm     .   (no gloves)
MR       .....                  N - +2 pair of boots
Stlth    ..........             E - +6 amulet of reflection
HPRegen  0.30/turn              e - ring of protection from cold
MPRegen  0.13/turn              O - ring of poison resistance

@: mighty, berserk cooldown, slowed, very slow
A: retaliatory headbutt, horns 2
a: Berserk, Trog's Hand, Brothers in Arms, Burn Spellbooks, Renounce Religion


You were on level 1 of the Abyss.
You worshipped Trog.
Trog was greatly pleased with you.
You were full.

You visited 2 branches of the dungeon, and saw 12 of its levels.
You visited the Abyss 1 time.
You also visited: Ossuary.

You collected 809 gold pieces.
You spent 157 gold pieces at shops.

Inventory:

Hand Weapons
 a - a +1 vampiric war axe (weapon)
 G - the +0 mace of Welfare {speed, +Inv}
   (You found it on level 9 of the Dungeon)

   Attacks with this weapon are significantly faster.
   It lets you turn invisible.
Armour
 c - a +1 shield (worn)
 d - a scarf of cloud immunity (worn)
 B - the +5 scale mail "Qevuekh" (worn) {Str+6}
   (You found it on level 10 of the Dungeon)

   It affects your strength (+6).
 K - a +2 hat (worn)
 L - quicksilver dragon scales
 N - a +2 pair of boots (worn)
Jewellery
 b - an uncursed ring of positive energy
 e - a ring of protection from cold (left hand)
 l - an uncursed ring of ice
 m - an uncursed ring of protection from magic
 r - an uncursed ring of positive energy
 u - an uncursed ring of protection from cold
 E - a +6 amulet of reflection (around neck)
 H - a +5 ring of strength
 M - an uncursed ring of protection from magic
 O - a ring of poison resistance (right hand)
Wands
 x - a wand of iceblast (10)
 y - a wand of acid (19)
 F - a wand of paralysis (18)
Scrolls
 g - 9 scrolls of remove curse
 j - 3 scrolls of identify
 o - 3 scrolls of teleportation
 v - a scroll of magic mapping
 A - 3 scrolls of fear
 C - 2 scrolls of random uselessness
Potions
 h - 2 potions of haste
 i - 3 potions of lignification
 k - a potion of berserk rage
 n - 3 potions of degeneration
 p - 2 potions of agility
 s - 4 potions of might
 w - 2 potions of cancellation
 z - 2 potions of resistance
 I - a potion of mutation
 J - 2 potions of flight
Comestibles
 f - 17 rations


   Skills:
 + Level 13.2 Fighting
 + Level 16.6 Axes
 + Level 13.2 Armour
 + Level 9.3 Shields


You had 12 spell levels left.
You didn't know any spells.

Dungeon Overview and Level Annotations

Branches:
Dungeon (11/15)            Temple (1/1) D:4            Lair (0/6) D:11
    Orc (0/2) D:11

Altars:
Ashenzari
Cheibriados
Dithmenos
Elyvilon
Fedhas
Gozag
Hepliaklqana
Kikubaaqudgha
Makhleb
Nemelex Xobeh
Okawaru
Qazlal
Sif Muna
Trog
Vehumet
Wu Jian
Xom
Zin
The Shining One
Beogh

Shops:
D:4 (   D:5 [

Annotations:
D:5 2 transporters
D:11 Sonja


Innate Abilities, Weirdness & Mutations

You reflexively headbutt those who attack you in melee.
You have a pair of horns on your head.


Message History

Unknown command.
You slice the bone dragon!!
The bone dragon is heavily damaged.
You block the bone dragon's attack.
The bone dragon claws you but does no damage.
The bone dragon tramples you.
* * * LOW HITPOINT WARNING * * *
You hold your ground!
Unknown command.
Unknown command.
Unknown command.
Your scale mail "Qevuekh" prevents you from hitting the bone dragon.
You headbutt the bone dragon.
The bone dragon is heavily damaged.
You hit the starcursed mass.
The starcursed mass shudders and withdraws towards its neighbour.
The bone dragon bites you!!
* * * LOW HITPOINT WARNING * * *
The bone dragon completely misses you. The bone dragon tramples you!
You die...

..### X .# #
#......t#...#
##.t####... #
#. ..##..## # .
# #.#. ..# . #
##....... .#.#.
##X#...##
.###..##DX..#
.#
#..#...@..##.#.
......###.#
.###. ## #. # #


You could see a bone dragon and 2 starcursed masses.

Vanquished Creatures
  A tentacled monstrosity (Abyss:1)
  A tentacled starspawn (Abyss:1)
  Gastronok (D:8)
  Fannar (D:11)
  A rakshasa (Abyss:1)
  A hydra (D:11)
  A two-headed ogre (D:10)
  3 death yaks (D:11)
  4 thrashing horrors (Abyss:1)
  2 wretched stars (Abyss:1)
  7 large abominations (Abyss:1)
  Pikel (D:8)
  An ugly thing (D:11)
  A manticore (D:11)
  2 worldbinders (Abyss:1)
  Psyche (D:8)
  An apocalypse crab (Abyss:1)
  A smoke demon (Abyss:1)
  2 ancient zymes (Abyss:1)
  A troll (D:11)
  5 raiju (Abyss:1)
  A frost giant simulacrum (Abyss:1)
  3 hippogriffs
  3 ynoxinuls (Abyss:1)
  Sigmund (D:6)
  A shadow (D:11)
  A wraith (Abyss:1)
  Eustachio (D:4)
  6 yaks (D:10)
  A chaos spawn (Abyss:1)
  2 hungry ghosts (D:8)
  3 water moccasins
  A sky beast (Abyss:1)
  A slave (D:8)
  An ice beast (D:5)
  7 orc warriors
  4 ogres
  A necrophage (D:4)
  3 black bears
  A phantom (D:8)
  3 centaurs
  A crocodile (D:10)
  Blork the orc (D:4)
  A big kobold (D:7)
  8 bullfrogs
  3 small abominations (Abyss:1)
  2 water moccasin zombies (Ossuary)
  A water moccasin skeleton (D:10)
  4 scorpions
  5 killer bees (D:8)
  2 howler monkeys
  8 wights
  5 hounds
  5 crimson imps
  2 centaur zombies
  6 starcursed masses (Abyss:1)
  A bullfrog zombie (D:6)
  2 centaur skeletons
  5 orc priests
  Crazy Yiuf (D:2)
  A bullfrog skeleton (D:5)
  2 jellies
  9 orc wizards
  An iguana (D:4)
  7 worker ants
  2 big kobold zombies (Ossuary)
  2 hound skeletons
  2 mummies (Ossuary)
  2 worker ant zombies
  5 adders
  6 gnolls
  2 white imps (Abyss:1)
  6 adder zombies
  An adder skeleton (D:9)
  9 worms
  12 leopard geckos
  44 orcs
  3 bats
  5 giant cockroaches
  A gnoll zombie (Ossuary)
  8 goblins
  13 hobgoblins
  13 jackals
  9 kobolds
  5 quokkas
  A ball python skeleton (D:5)
  4 frilled lizards
  7 hobgoblin zombies (Ossuary)
  A leopard gecko zombie (D:6)
  4 orc zombies (Ossuary)
  A quokka skeleton (D:9)
  3 quokka zombies
  6 rats
  A rat zombie (D:6)
  A starspawn tentacle (Abyss:1)
346 creatures vanquished.

Vanquished Creatures (others)
  An iguana (D:11)
  A kobold (D:7)
  3 starspawn tentacles (Abyss:1)
5 creatures vanquished.

Grand Total: 351 creatures vanquished

Notes
Turn   | Place    | Note
-------+----------+-------------------------------------------
     0 | D:1      | Mgcat the Minotaur Fighter began the quest for the Orb.
     0 | D:1      | Reached XP level 1. HP: 19/19 MP: 0/0
   319 | D:1      | Reached skill level 3 in Axes
   469 | D:1      | Reached XP level 2. HP: 26/26 MP: 1/1
   985 | D:2      | Reached skill level 4 in Axes
  1216 | D:2      | Found a stormy altar of Qazlal.
  1263 | D:2      | Found a blossoming altar of Fedhas.
  1268 | D:2      | Reached XP level 3. HP: 26/31 MP: 2/2
  1487 | D:2      | Reached skill level 5 in Axes
  1816 | D:2      | Reached XP level 4. HP: 38/39 MP: 3/3
  2089 | D:2      | Found a runed door.
  2093 | D:2      | Noticed Crazy Yiuf
  2098 | D:2      | Killed Crazy Yiuf
  2196 | D:3      | Reached skill level 6 in Axes
  2312 | D:3      | You fall through a shaft!
  2355 | D:4      | Reached XP level 5. HP: 26/45 MP: 4/4
  2786 | D:4      | Reached skill level 7 in Axes
  3028 | D:4      | Found a staircase to the Ecumenical Temple.
  3069 | Temple   | Entered the Ecumenical Temple
  3099 | Temple   | Became a worshipper of Trog the Wrathful
  3151 | D:4      | Found a shimmering altar of Xom.
  3155 | D:4      | Noticed an ogre
  3168 | D:4      | Killed an ogre
  3168 | D:4      | Reached skill level 8 in Axes
  3168 | D:4      | Reached XP level 6. HP: 40/51 MP: 5/5
  3426 | D:4      | Reached skill level 9 in Axes
  3534 | D:4      | Found Cean's Antique Weapon Shop.
  3640 | D:4      | Reached XP level 7. HP: 55/56 MP: 6/6
  3660 | D:4      | Found a hazy altar of Hepliaklqana.
  3661 | D:4      | Noticed Eustachio
  3676 | D:4      | Killed Eustachio
  3676 | D:4      | Reached skill level 10 in Axes
  3989 | D:4      | Noticed Blork the orc
  4000 | D:4      | Killed Blork the orc
  4162 | D:5      | Entered Level 5 of the Dungeon
  4262 | D:5      | Found an ornate altar of the Wu Jian Council.
  4273 | D:5      | Reached skill level 11 in Axes
  4342 | D:5      | Found a glowing drain.
  4377 | D:5      | Reached * piety under Trog
  4377 | D:5      | Reached XP level 8. HP: 56/63 MP: 7/7
  4387 | D:5      | Found a transporter.
  4395 | D:5      | Noticed a kobold demonologist
  4397 | D:5      | Found a runed door.
  4416 | D:5      | Found a transporter.
  4426 | D:5      | Found a shattered altar of Ashenzari.
  4472 | D:5      | Found Lotev's Antique Armour Shop.
  4494 | D:5      | Found a glowing golden altar of the Shining One.
  4546 | D:5      | Bought a runed chain mail for 157 gold pieces
  4965 | D:5      | Reached skill level 12 in Axes
  5226 | D:5      | Found a roughly hewn altar of Beogh.
  5641 | D:6      | Found a sparkling altar of Nemelex Xobeh.
  5654 | D:6      | Reached ** piety under Trog
  5719 | D:6      | Found a burning altar of Makhleb.
  5734 | D:6      | Reached skill level 5 in Fighting
  5734 | D:6      | Reached skill level 5 in Armour
  5856 | D:6      | Noticed Sigmund
  5863 | D:6      | Killed Sigmund
  5863 | D:6      | Reached XP level 9. HP: 73/73 MP: 8/8
  5904 | D:6      | Found a sand-covered staircase.
  5912 | Ossuary  | Entered an ossuary
  6401 | D:6      | Found a shadowy altar of Dithmenos.
  6698 | D:7      | Found a deep blue altar of Sif Muna.
  6720 | D:7      | Reached *** piety under Trog
  6753 | D:7      | Reached skill level 13 in Axes
  6860 | D:7      | You fall through a shaft for 3 floors!
  6860 | D:10     | Entered Level 10 of the Dungeon
  6898 | D:10     | Got an ancient scale mail
  6909 | D:10     | Identified the +5 scale mail "Qevuekh" {Str+6} (You found it on level 10 of the Dungeon)
  7186 | D:10     | Reached XP level 10. HP: 80/87 MP: 9/9
  7355 | D:10     | Noticed a two-headed ogre
  7360 | D:10     | Killed a two-headed ogre
  7454 | D:10     | Reached skill level 14 in Axes
  7741 | D:9      | Reached **** piety under Trog
  7795 | D:9      | Got a twisted mace
  7801 | D:9      | Identified the +0 mace of Welfare {speed, +Inv} (You found it on level 9 of the Dungeon)
  8019 | D:8      | Noticed Psyche
  8059 | D:8      | Noticed Gastronok
  8165 | D:8      | Killed Psyche
  8596 | D:8      | Killed Gastronok
  8596 | D:8      | Reached skill level 10 in Fighting
  8596 | D:8      | Reached skill level 10 in Armour
  8596 | D:8      | Reached XP level 11. HP: 100/100 MP: 10/10
  8676 | D:8      | Noticed Pikel
  8688 | D:8      | Killed Pikel
  9135 | D:7      | Found a glowing silver altar of Zin.
  9169 | D:7      | Found a radiant altar of Vehumet.
  9403 | D:9      | Reached skill level 15 in Axes
 10127 | D:11     | Noticed Fannar
 10146 | D:11     | Killed Fannar
 10162 | D:11     | Noticed a cyan ugly thing
 10174 | D:11     | Killed a cyan ugly thing
 10345 | D:11     | Found a staircase to the Orcish Mines.
 10354 | D:11     | Noticed a five-headed hydra
 10361 | D:11     | Killed a six-headed hydra
 10361 | D:11     | Reached skill level 5 in Shields
 10476 | D:11     | Noticed a death yak
 10479 | D:11     | Noticed a death yak
 10480 | D:11     | Noticed a death yak
 10481 | D:11     | Noticed Sonja
 10484 | D:11     | Killed a death yak
 10485 | D:11     | Found a staircase to the Lair.
 10488 | D:11     | Killed a death yak
 10498 | D:11     | Killed a death yak
 10518 | D:11     | Cast into level 1 of the Abyss (Sonja)
 10669 | Abyss:1  | Noticed a large abomination
 10673 | Abyss:1  | Killed a large abomination
 10687 | Abyss:1  | Noticed a large abomination
 10690 | Abyss:1  | Killed a large abomination
 10690 | Abyss:1  | Reached XP level 12. HP: 101/110 MP: 11/11
 10709 | Abyss:1  | Found a corrupted altar of Lugonu.
 10789 | Abyss:1  | Noticed a tentacled starspawn
 10799 | Abyss:1  | Killed a tentacled starspawn
 10821 | Abyss:1  | Noticed a starcursed mass
 10832 | Abyss:1  | Reached skill level 16 in Axes
 10893 | Abyss:1  | Noticed a starcursed mass
 10906 | Abyss:1  | Killed a starcursed mass
 10945 | Abyss:1  | Found a corrupted altar of Lugonu.
 10973 | Abyss:1  | Noticed a rakshasa
 10984 | Abyss:1  | Killed a rakshasa
 11149 | Abyss:1  | Found a corrupted altar of Lugonu.
 11175 | Abyss:1  | Noticed a lich
 11208 | Abyss:1  | Noticed a starcursed mass
 11239 | Abyss:1  | Noticed a tentacled starspawn
 11298 | Abyss:1  | Noticed a tentacled monstrosity
 11312 | Abyss:1  | Killed a tentacled monstrosity
 11312 | Abyss:1  | Reached XP level 13. HP: 53/122 MP: 12/12
 11422 | Abyss:1  | Noticed a starcursed mass
 11438 | Abyss:1  | Noticed a bone dragon
 11450 | Abyss:1  | HP: 1/122 [bone dragon (21)]
 11450 | Abyss:1  | Mangled by a bone dragon

Skill      XL: |  1  2  3  4  5  6  7  8  9 10 11 12 |
---------------+-------------------------------------+-----
Axes           | 3 4 5 6 8 9 11 12 13 14 15 16 | 16.6
Fighting       | 5 8 10 11 13 | 13.2
Armour         | 5 8 10 11 13 | 13.2
Shields        | 6 9 |  9.3

Action                   |  1- 3 |  4- 6 |  7- 9 | 10-12 | 13-15 || total
-------------------------+-------+-------+-------+-------+-------++-------
Melee: War axe           |   107 |   110 |   398 |   487 |    24 ||  1126
       Headbutt          |    19 |    14 |    88 |   150 |    13 ||   284
       Mace              |       |       |       |    20 |       ||    20
Invok: Berserk           |       |       |     5 |    12 |     1 ||    18
       Burn Spellbooks   |       |       |     2 |     1 |       ||     3
       Trog's Hand       |       |       |     1 |    13 |     2 ||    16
  Use: Scroll            |       |       |    18 |    12 |       ||    30
       Potion            |       |       |     1 |     3 |     1 ||     5
  Eat: Chunk             |     3 |     5 |    18 |    21 |       ||    47
       Ration            |       |       |       |     5 |       ||     5
Armor: Scale mail        |    41 |    22 |    23 |   125 |    17 ||   228
       Chain mail        |       |       |    86 |       |       ||    86
Dodge: Dodged            |    38 |    22 |    52 |    92 |     6 ||   210
Block: Shield            |    52 |    40 |   160 |   347 |    15 ||   614
       Reflection        |       |       |     3 |     9 |       ||    12
